 Dungeon Crawl Stone Soup version 0.26-a0-489-g112e8ad46e (webtiles) character file.

Game seed: 13875196982154372808

11916 Murumi the Blocker (level 12, -3/97 HPs)
             Began as a Formicid Fighter on Aug 3, 2020.
             Was a High Priest of Okawaru.
             Slain by a cyan ugly thing (16 damage)
             ... on level 11 of the Dungeon.
             The game lasted 00:46:06 (9933 turns).

Murumi the Blocker (Formicid Fighter)               Turns: 9933, Time: 00:46:07

Health: -3/97      AC: 17    Str: 21    XL:     12   Next: 13%
Magic:  14/16      EV:  2    Int:  9    God:    Okawaru [*****.]
Gold:   758        SH:  7    Dex: 14    Spells: 11/11 levels left

rFire    . . .     SeeInvis +   m - +0 scimitar (flame)
rCold    . . .     Faith    .   c - +0 kite shield
rNeg     . . .     Spirit   .   s - +0 plate armour
rPois    +         Reflect  .   (helmet unavailable)
rElec    .         Harm     .   B - +0 cloak {MR+}
rCorr    .                      C - +0 pair of gloves
MR       ++...                  y - +0 pair of boots
Stlth    ..........             o - amulet of regeneration
HPRegen  0.66/turn              l - +4 ring of protection
MPRegen  0.15/turn              w - ring of poison resistance

@: heroism, extremely drained
A: permanent stasis, dig shafts and tunnels, four strong arms, antennae 3
a: Dig, Shaft Self, Heroism, Finesse, Renounce Religion


You were on level 11 of the Dungeon.
You worshipped Okawaru.
Okawaru was extremely pleased with you.
You visited 2 branches of the dungeon, and saw 12 of its levels.

You collected 758 gold pieces.

Inventory:

Hand Weapons
 a - a +1 long sword
 m - a +0 scimitar of flaming (weapon)
Missiles
 q - 96 bolts
Armour
 c - a +0 kite shield (worn)
 s - a +0 plate armour (worn)
 y - a +0 pair of boots (worn)
 B - a +0 cloak of magic resistance (worn)
 C - a +0 pair of gloves (worn)
Jewellery
 l - a +4 ring of protection (left hand)
 o - an amulet of regeneration (around neck)
 w - a ring of poison resistance (right hand)
 x - an uncursed ring of flight
 z - an uncursed ring of protection from magic
Wands
 p - a wand of flame (23)
 E - a wand of random effects (12)
Scrolls
 b - 3 scrolls of fog
 k - 5 scrolls of remove curse
 r - 3 scrolls of magic mapping
 u - a scroll of enchant weapon
Potions
 d - 2 potions of might
 e - 3 potions of invisibility
 f - a potion of curing
 g - 2 potions of cancellation {unknown}
 h - a potion of lignification {unknown}
 i - 3 potions of mutation
 j - 3 potions of brilliance
 t - 4 potions of heal wounds
 v - a potion of magic {unknown}
 A - 3 potions of flight {unknown}
 D - 8 potions of ambrosia


   Skills:
 - Level 10.0(0.0) Fighting
 - Level 9.0(0.0) Long Blades
 - Level 10.0(0.0) Armour
 - Level 4.0(0.0) Dodging
 - Level 11.0(0.0) Shields
 + Level 6.1(0.0) Invocations


You had 11 spell levels left.
You didn't know any spells.
Your spell library contained the following spells:

 Spells                   Type           Power        Failure   Level
 Beastly Appendage        Tmut           #.....       100%        1
 Foxfire                  Conj/Fire      #...         100%        1
 Passwall                 Tmut/Erth      #.......     100%        2
 Poisonous Vapours        Pois/Air       #.....       100%        2
 Wereblood                Tmut           #.......     100%        2
 Confusing Touch          Hex            #.......     100%        3
 Conjure Flame            Conj/Fire      #.......     100%        3
 Gell's Gravitas          Tloc           #.........   100%        3
 Inner Flame              Hex/Fire       #.......     100%        3
 Cause Fear               Hex            #.........   100%        4
 Petrify                  Tmut/Erth      #.......     100%        4
 Sticky Flame             Conj/Fire      #.......     100%        4
 Fireball                 Conj/Fire      #.........   100%        5
 Irradiate                Conj/Tmut      #.........   100%        5
 Metabolic Englaciation   Hex/Ice        #.........   100%        5
 Silence                  Hex/Air        #.........   100%        5
 Yara's Violent Unravell  Hex/Tmut       #.........   100%        5
 Conjure Ball Lightning   Conj/Air       #.........   100%        6
 Discord                  Hex            #.........   100%        8
 Swiftness                Air            Unusable     N/A         2

Dungeon Overview and Level Annotations

Branches:
Dungeon (11/15)            Temple (1/1) D:5
   Lair: D:8-11         Orc: D:9-12

Altars:
Ashenzari
Cheibriados
Dithmenos
Elyvilon
Fedhas
Gozag
Hepliaklqana
Kikubaaqudgha
Makhleb
Nemelex Xobeh
Okawaru
Qazlal
Ru
Sif Muna
Trog
Uskayaw
Vehumet
Wu Jian
Xom
Yredelemnul
Zin
The Shining One

Shops:
D:7 :


Innate Abilities, Weirdness & Mutations

You cannot be hasted, slowed, berserked, paralysed or teleported.
You can dig through walls and to a lower floor.
Your four strong arms can wield two-handed weapons with a shield.
You have a pair of large antennae on your head. (SInv)


Message History

Aim: a cyan ugly thing (moderately wounded, chance to defeat MR: 28%)
The cyan ugly thing easily resists.
The now-empty wand crumbles to dust.
You block the cyan ugly thing's attack.
Evoke which item? (* to show all) (? for menu, Esc to quit)
You don't have any such object.
Evoke which item? (* to show all) (? for menu, Esc to quit)
You don't have any such object.
Evoke which item? (* to show all) (? for menu, Esc to quit)
Okay, then.
Evoke which item? (* to show all) (? for menu, Esc to quit)
Okay, then.
You gain the combat prowess of a mighty hero.
The cyan ugly thing stings you. The cyan ugly thing shocks you!
* * * LOW HITPOINT WARNING * * *
Your plate armour prevents you from hitting the cyan ugly thing.
The cyan ugly thing is moderately wounded.
The cyan ugly thing stings you.
* * * LOW HITPOINT WARNING * * *
The cyan ugly thing shocks you!
You die...

..# #.# ..# #.#
..#########.##############
..........................
..........................
##############............
..... ...................
..... ...................
##### .........@........$
.........u.........
...................
..!......$.........
...................
$...............
...............
..........$....


You could see a cyan ugly thing.

Vanquished Creatures
  Gastronok (D:8)
  2 two-headed ogres
  Erica (D:8)
  Sonja (D:10)
  Pikel (D:8)
  2 centaur zombies (D:10)
  The ghost of paps the Insei, a novice OpTm (D:5)
  2 trolls (D:10)
  A queen bee (D:10)
  3 hippogriffs
  Grum (D:8)
  A wraith (D:10)
  A hornet zombie (D:10)
  3 orc warriors
  3 sky beasts
  A black bear (D:7)
  An eye of draining (D:10)
  An ice beast (D:10)
  2 phantoms
  A necrophage (D:6)
  5 centaurs
  2 wolves (D:8)
  4 ogres
  3 lemures (D:8)
  A big kobold (D:8)
  2 bullfrogs (D:10)
  A scorpion (D:8)
  A water moccasin skeleton (D:7)
  37 killer bees
  3 wights (D:10)
  A bullfrog zombie (D:9)
  4 orc priests
  6 orc wizards
  4 hounds
  2 bullfrog skeletons
  2 iguanas
  9 worker ants
  A hound zombie (D:5)
  A hound skeleton (D:5)
  A howler monkey zombie (D:8)
  3 gnolls (D:4)
  13 adders
  3 shadow imps
  4 white imps
  2 adder zombies (D:8)
  2 adder skeletons
  A worm (D:2)
  3 dart slugs
  8 leopard geckos
  40 orcs
  8 bats
  5 giant cockroaches
  10 goblins
  9 hobgoblins
  4 quokkas
  3 ball pythons
  5 frilled lizards
  12 kobolds
  2 leopard gecko skeletons
  7 rats
264 creatures vanquished.

Vanquished Creatures (others)
  2 orc wizards
2 creatures vanquished.

Grand Total: 266 creatures vanquished

Notes
Turn   | Place    | Note
-------+----------+-------------------------------------------
     0 | D:1      | Murumi the Formicid Fighter began the quest for the Orb.
     0 | D:1      | Reached XP level 1. HP: 18/18 MP: 1/1
   119 | D:1      | Reached skill level 1 in Dodging
   241 | D:1      | Reached XP level 2. HP: 24/24 MP: 2/2
   254 | D:1      | Reached skill level 4 in Shields
   345 | D:1      | Reached XP level 3. HP: 28/29 MP: 3/3
   955 | D:2      | Reached XP level 4. HP: 36/37 MP: 4/4
  1140 | D:2      | Found a radiant altar of Vehumet.
  1294 | D:2      | You fall into a shaft and drop 1 floor!
  1607 | D:2      | Reached XP level 5. HP: 42/42 MP: 5/5
  1883 | D:3      | Reached skill level 5 in Shields
  2214 | D:4      | Found a burning altar of Makhleb.
  2295 | D:4      | Reached XP level 6. HP: 48/48 MP: 6/6
  2530 | D:4      | Noticed an ogre
  2547 | D:4      | Killed an ogre
  2547 | D:4      | Reached skill level 5 in Fighting
  2763 | D:4      | Reached XP level 7. HP: 48/56 MP: 7/7
  2862 | D:4      | Reached skill level 5 in Armour
  2894 | D:4      | Found an ancient bone altar of Kikubaaqudgha.
  3153 | D:4      | Reached skill level 6 in Shields
  3322 | D:5      | Entered Level 5 of the Dungeon
  3416 | D:5      | Found an ornate altar of the Wu Jian Council.
  3555 | D:5      | Found a stormy altar of Qazlal.
  3593 | D:5      | Reached XP level 8. HP: 62/62 MP: 8/8
  3609 | D:5      | Found a hide-covered altar of Uskayaw.
  3618 | D:5      | Reached skill level 7 in Shields
  3683 | D:5      | Identified the Reference Book on Aerial Changing
  3935 | D:5      | Found a staircase to the Ecumenical Temple.
  3944 | Temple   | Entered the Ecumenical Temple
  4179 | D:5      | Found a runed translucent door.
  4182 | D:5      | Noticed paps's ghost (novice OpTm)
  4246 | D:5      | Killed paps's ghost
  4246 | D:5      | Reached skill level 5 in Long Blades
  4473 | D:6      | Reached skill level 8 in Shields
  4774 | D:6      | Reached XP level 9. HP: 71/71 MP: 9/9
  5323 | D:6      | Found a shimmering blue altar of Sif Muna.
  5682 | D:7      | Noticed a hippogriff
  5694 | D:7      | Killed a hippogriff
  5804 | D:7      | Found Cuzimias's Book Shoppe.
  6007 | D:7      | Found an iron altar of Okawaru.
  6012 | D:7      | Became a worshipper of Warmaster Okawaru
  6287 | D:8      | Noticed Gastronok
  6318 | D:8      | Killed Gastronok
  6318 | D:8      | Reached * piety under Okawaru
  6318 | D:8      | Reached ** piety under Okawaru
  6318 | D:8      | Reached skill level 9 in Shields
  6318 | D:8      | Reached skill level 5 in Invocations
  6318 | D:8      | Reached XP level 10. HP: 17/80 MP: 9/13
  6643 | D:8      | Found a white marble altar of Elyvilon.
  6665 | D:8      | Noticed Pikel
  6691 | D:8      | Killed Pikel
  6774 | D:8      | Noticed Grum
  6793 | D:8      | Killed Grum
  6808 | D:8      | Reached *** piety under Okawaru
  7088 | D:8      | Noticed Erica
  7108 | D:8      | Killed Erica
  7152 | D:8      | Reached XP level 11. HP: 89/89 MP: 14/14
  7526 | D:9      | Found a sparkling altar of Nemelex Xobeh.
  7593 | D:9      | Found a shimmering altar of Xom.
  7594 | D:9      | Found a shimmering altar of Xom.
  7594 | D:9      | Noticed a two-headed ogre
  7610 | D:9      | Killed a two-headed ogre
  7610 | D:9      | Reached **** piety under Okawaru
  7610 | D:9      | Reached skill level 10 in Shields
  7626 | D:9      | Found a shimmering altar of Xom.
  7626 | D:9      | Found a shimmering altar of Xom.
  7628 | D:9      | Found a shimmering altar of Xom.
  7628 | D:9      | Found a shimmering altar of Xom.
  7667 | D:9      | Found an opulent altar of Gozag.
  7749 | D:9      | Identified a scroll of acquirement
  7749 | D:9      | Acquired a +0 cloak of magic resistance
  7920 | D:9      | Found a hazy altar of Hepliaklqana.
  8174 | D:10     | Entered Level 10 of the Dungeon
  8616 | D:10     | Reached skill level 10 in Fighting
  8641 | D:10     | Reached ***** piety under Okawaru
  8887 | D:10     | Noticed a two-headed ogre
  8898 | D:10     | Killed a two-headed ogre
  8898 | D:10     | Received a gift from Okawaru
  8898 | D:10     | Reached skill level 10 in Armour
  9088 | D:10     | Reached XP level 12. HP: 39/97 MP: 16/16
  9257 | D:10     | Noticed Sonja
  9525 | D:10     | Killed Sonja
  9525 | D:10     | Reached skill level 11 in Shields
  9933 | D:11     | Slain by a cyan ugly thing

Illustrated notes

Levels and vault maps discovered:
D:1:      grunt_arrival_lava_bath, layout_basic
D:2:      layout_basic, lemuel_doored_altar
D:3:      layout_basic
D:4:      layout_basic, kennysheep_mini_moat, nicolae_overflow_hidden_temple,
          enter_ossuary_2
D:5:      layout_rooms, nicolae_qazlal_general_emergency, lemuel_crystal_altar,
          eat_drink_and_be_merry_uskayaw, minmay_temple_entry_antechambers,
          ebering_ghost_reflecting_pool, kennysheep_path_1
D:6:      layout_loops_corners, lemuel_blue_sif_altar
D:7:      layout_loops_ring, kennysheep_little_box, serial_shops,
          nicolae_shop_trees
D:8:      layout_basic, serial_park_tiny_1, elyvilon_altar_4, uniq_grum,
          uniq_pikel, uniq_erica, uniq_gastronok
D:9:      layout_loops_cross, xom_redecorated, lemuel_crystal_altar,
          nemelex_xobeh_ov_fountains_minmay, hangedman_abyss_or_decor_passed,
          nicolae_gozag_seed_capital
D:10:     layout_roguey, special_room [special_room_bee], minmay_hedge_maze,
          uniq_sonja
D:11:     layout_long_grid, dpeg_lair_monsters,
          kennysheep_orc_monster_closet_entryway, serial_shops,
          nicolae_shop_behind_doors
Temple:   minmay_temple_curvy_loop

Skill      XL: |  1  2  3  4  5  6  7  8  9 10 11 12 |
---------------+-------------------------------------+-----
Dodging        | 1 2 3 4 |  4.0
Shields        | 4 5 6 8 9 10 11 | 11.0
Long Blades    | 3 4 5 6 7 9 |  9.0
Fighting       | 4 5 6 8 9 10 | 10.0
Armour         | 4 5 6 8 9 10 | 10.0
Invocations    | 5 6 |  6.1

Action                   |  1- 3 |  4- 6 |  7- 9 | 10-12 || total
-------------------------+-------+-------+-------+-------++-------
Melee: Long sword        |    97 |   196 |   346 |   254 ||   893
       Scimitar          |       |       |       |   430 ||   430
Invok: Heroism           |       |       |       |    14 ||    14
       Finesse           |       |       |       |     2 ||     2
 Abil: Dig               |       |       |     5 |     4 ||     9
       Evoke Flight      |       |       |     1 |       ||     1
Evoke: Wand              |       |       |       |     7 ||     7
  Use: Scroll            |     2 |     7 |     6 |     7 ||    22
       Potion            |       |     1 |     1 |       ||     2
 Stab: Paralysed         |       |       |       |     3 ||     3
Armor: Scale mail        |    33 |    44 |       |       ||    77
       Chain mail        |       |    47 |    12 |       ||    59
       Plate armour      |       |       |   136 |   331 ||   467
Dodge: Dodged            |    27 |    67 |    88 |   186 ||   368
Block: Kite shield       |    48 |    70 |       |   403 ||   521
       Buckler           |       |    26 |   117 |     6 ||   149
       Rpst.: Long sword |    10 |    26 |    26 |    21 ||    83
       Scimitar          |       |       |       |    29 ||    29

Table legend: (Time is in decaauts)
 A = Elapsed time spent in this place.
 B = Non-inter-level travel time spent in this place.
 C = Inter-level travel time spent in this place.
 D = Time resting spent in this place.
 E = Time spent auto-exploring this place.
 F = Levels seen in this place.
 G = Mean time per level.
                   A        B        C        D        E       F      G
               +--------+--------+--------+--------+--------+-----+--------+
         Total |  10074 |   9023 |   1051 |    112 |   6443 |  12 |  839.5 |
       Dungeon |   9863 |   8837 |   1026 |    112 |   6257 |  11 |  896.6 |
        Temple |    210 |    186 |     24 |      0 |    186 |   1 |  210.0 |
               +--------+--------+--------+--------+--------+-----+--------+

Top non-repeatable levels by time:
    D:10: 1442 daAuts
     D:4: 1216 daAuts
     D:8: 1183 daAuts
     D:6: 1138 daAuts
     D:1: 1084 daAuts
     D:9: 760 daAuts
     D:2: 742 daAuts
     D:5: 740 daAuts
     D:7: 739 daAuts
     D:3: 590 daAuts
    D:11: 223 daAuts
  Temple: 210 daAuts
